 Dungeon Crawl Stone Soup version 0.31.0-11-ge490571c62 (webtiles) character file.

Game seed: 16872778763284496944

30 firemarshallily the Chiller (level 3, -1/19 (26) HPs)
             Began as a Human Ice Elementalist on Feb 5, 2024.
             Slain by Terence
             ... wielding a +2 flail of draining
              (4 damage)
             ... on level 1 of the Dungeon.
             The game lasted 00:03:29 (1261 turns).

firemarshallily the Chiller (HuIE)                  Turns: 1261, Time: 00:03:30

HP:   -1/19 (26)    AC:  2    Str:  8    XL:     3   Next: 18%
MP:   3/6           EV: 12    Int: 17    God:
Gold: 38            SH:  0    Dex: 13    Spells: 5/7 levels left

rFire   . . .        d - +0 dagger
rCold   . . .        (no shield)
rNeg    . . .        a - +0 robe
rPois   .            (no helmet)
rElec   .            (no cloak)
rCorr   .            (no gloves)
SInv    .            (no boots)
Will    .....        (no amulet)
Stlth   ++           (no ring)
HPRegen 0.23/turn    (no ring)
MPRegen 0.10/turn

%: no passive effects
@: hasted, very heavily drained, very quick
A: explore regen
a: no special abilities


You were on level 1 of the Dungeon.
You visited 1 branch of the dungeon, and saw 2 of its levels.

You collected 38 gold pieces.

Inventory:

Hand Weapons
 d - a +0 dagger (weapon)
Armour
 a - a +0 robe (worn)
 f - a +0 leather armour
Jewellery
 m - a ring of see invisible
Scrolls
 g - 2 scrolls of identify {unknown}
 h - a scroll of revelation {unknown}
 j - a scroll of amnesia {unknown}
 k - a scroll of vulnerability {unknown}
Potions
 e - a potion of curing {unknown}
 i - a potion of mutation {unknown}
 l - a potion of degeneration {unknown}


   Skills:
 + Level 1.0 Fighting
 - Level 2.2 Dodging
 - Level 2.0 Stealth
 * Level 2.6 Spellcasting
 + Level 4.2 Ice Magic


You had 5 spell levels left.
You knew the following spells:

 Your Spells              Type           Power      Damage    Failure   Level
a - Freeze                Ice            64%        1d7       3%          1
b - Foxfire               Conj/Fire      8%         2x1d4     19%         1

Your spell library contained the following spells:

 Spells                   Type           Power      Damage    Failure   Level
 Frozen Ramparts          Ice            32%        1d5       10%         3
 Ozocubu's Armour         Ice            16%        N/A       10%         3
 Summon Ice Beast         Ice/Summ       9%         N/A       22%         3
 Plasma Beam              Fire/Air       1%         2x1d11    100%        6
 Starburst                Conj/Fire      1%         6d3       100%        6


Dungeon Overview and Level Annotations

Branches:
Dungeon (2/15)

Altars:

Annotations:
D:1 Terence
D:2 Robin


Innate Abilities, Weirdness & Mutations

You regain HP and MP as you explore.


Message History

You don't know that spell.
Magic courses through your body.
Your magical contamination has completely faded away.
Casting: Freeze (safe; 3% risk of failure)
Confirm with . or Enter, or press ? or * to list all spells.
Aiming: Freeze (safe; 3% risk of failure)
Press: ? - help, Shift-Dir - straight line, f - Terence
Aim: Terence, wielding a +2 flail of draining and wearing a +0 chain mail (moderately wounded)
You freeze Terence.
Terence is moderately wounded.
Terence barely misses you.
Casting: Freeze (safe; 3% risk of failure)
Confirm with . or Enter, or press ? or * to list all spells.
Aiming: Freeze (safe; 3% risk of failure)
Press: ? - help, Shift-Dir - straight line, f/p - Terence
Aim: Terence, wielding a +2 flail of draining and wearing a +0 chain mail (moderately wounded)
You freeze Terence.
Terence is heavily wounded.
Terence hits you with a +2 flail of draining.
You feel drained.
Casting: Freeze (safe; 3% risk of failure)
Confirm with . or Enter, or press ? or * to list all spells.
Aiming: Freeze (safe; 3% risk of failure)
Press: ? - help, Shift-Dir - straight line, f/p - Terence
Aim: Terence, wielding a +2 flail of draining and wearing a +0 chain mail (heavily wounded)
You freeze Terence.
Terence is almost dead.
Unknown command.
Casting: Freeze (safe; 3% risk of failure)
Confirm with . or Enter, or press ? or * to list all spells.
Aiming: Freeze (safe; 3% risk of failure)
Press: ? - help, Shift-Dir - straight line, f/p - Terence
Aim: Terence, wielding a +2 flail of draining and wearing a +0 chain mail (almost dead)
You freeze Terence.
Terence is almost dead.
Terence hits you with a +2 flail of draining!
* * * LOW HITPOINT WARNING * * *
You feel drained.
You die...
Terence says, "That felt goooood."

.# #.#.## #.# .#
#.#.# #.# .# #.#.#
#.# .#### #.#.# #.#
....# #.#.# ####..
###.# #.#.# #.[...
#.# #.#.# #.####
##### ###.#@##### #.#
# ~~≈# #.....@)..#
#.# # ##≈#
#.........# ##.## #
#~≈########.........#
##...###
#<~'.....##.........#
#..#...(
~~≈#####............#
#....###
##≈#...#..#.........#
#.#.## #
~≈≈###.#..#.........#
#.#.# # ####
#.#..#.......[.#
#.#.####
#.#.....)......#
#.#.##..


You could see Terence.

Vanquished Creatures
  An adder (D:2)
  A ball python (D:1)
  A bat (D:1)
  2 endoplasms
  A giant cockroach (D:1)
  A goblin (D:1)
  6 hobgoblins
  3 kobolds (D:1)
  2 rats (D:1)
18 creatures vanquished.

Vanquished Creatures (others)
  36 foxfires
36 creatures vanquished.

Grand Total: 54 creatures vanquished

Notes
Turn   | Place    | Note
-------+----------+-------------------------------------------
     0 | D:1      | firemarshallily the Human Ice Elementalist began the quest
                  | for the Orb.
     0 | D:1      | Reached XP level 1. HP: 13/13 MP: 3/3
   135 | D:1      | Reached XP level 2. HP: 10/20 MP: 1/5
   199 | D:1      | Learned a level 1 spell: Foxfire
   937 | D:2      | Noticed Terence
   938 | D:2      | Noticed Robin
  1104 | D:2      | Reached skill level 1 in Fighting
  1104 | D:2      | Reached XP level 3. HP: 24/26 MP: 1/6
  1261 | D:1      | Slain by Terence

Illustrated notes

Levels and vault maps discovered:
D:1:      ncdulo_wetmaze, layout_loops_ring
D:2:      minmay_chambers_of_twos, layout_basic, minmay_misc_feat_four_crosses,
          uniq_jessica, uniq_terence, uniq_robin

Skill      XL: |  1  2 |
---------------+-------+-----
Fighting       | 1 |  1.0
Dodging        | |  2.2
Stealth        | |  2.0
Spellcasting   | |  2.6
Ice Magic      | |  4.2

Action                     || total
---------------------------++-------
  Melee: Dagger            ||    47
   Cast: Freeze            ||    12
         Foxfire           ||    21
    Use: Potion            ||     2
   Stab: Sleeping          ||     1
 Armour: Robe              ||    27
  Dodge: Dodged            ||    30
